AoeStats
← Hoid17th

Arena

505563376Analyzed
2v2 RM · 23d ago on Sep 10, 2026· 53m 44s· 4 players
Game mode
Random Map
Map size
Medium (4 player)
Population
200
Speed
Normal
Resources
Standard
Victory
Conquest
Starting age
Dark Age
Ending age
Imperial Age
RankedLock teamsTeams togetherTeam positionsShared explorationLock speedFull tech treeHidden civsTurbo modeCheats
Victory
Defeat
🇧🇷 Turks · Brazil
904
+14
🇧🇷 Franks · Brazil
773
+19
🇺🇸 Koreans · United States
909
-19
🇺🇸 Burgundians · United States
785
-28
Hoid17th
11:14 Feudal Age
16:09 Castle Age
17:39 Horse Collar
18:17 Loom
18:30 Double-Bit Axe
19:38 Heavy Plow
20:06 Bow Saw
23:18 Wheelbarrow
25:47 Two-Man Saw
25:19 Crop Rotation
24:53 Husbandry
24:14 Cavalier
25:09 Forging
25:05 Scale Barding Armor
27:25 Caravan
30:09 Ballistics
29:49 Murder Holes
30:26 Town Watch
31:00 Hand Cart
30:40 Stone Mining
30:41 Gold Mining
32:55 Masonry
35:59 Burgundian Vineyards
36:37 Fortified Wall
38:14 Gold Shaft Mining
38:14 Stone Shaft Mining
40:33 Imperial Age
39:08 Fervor
39:01 Town Patrol
42:59 Chemistry
42:36 Architecture
41:47 Treadmill Crane
41:50 Paladin
43:08 Iron Casting
42:54 Chain Barding Armor
42:58 Conscription
50:12 Plate Barding Armor
50:38 Blast Furnace
49:22 Light Cavalry
50:02 Hussar
Quack Y Attack
10:41 Feudal Age
12:01 Loom
14:58 Castle Age
13:41 Double-Bit Axe
13:39 Horse Collar
15:23 Fletching
17:16 Bow Saw
19:31 Bodkin Arrow
22:32 Stone Mining
24:43 Heavy Plow
26:11 Gold Mining
31:55 Imperial Age
30:12 Ballistics
32:18 Crossbowman
33:04 Thumb Ring
34:15 Chemistry
33:33 Bracer
33:13 Arbalester
36:44 Chemistry
46:45 Conscription
DadShark
0:41 Loom
12:21 Feudal Age
13:30 Gold Mining
19:22 Castle Age
18:49 Double-Bit Axe
20:11 Squires
20:11 Town Watch
20:42 Arson
20:57 Stone Mining
23:28 Wheelbarrow
23:30 Bow Saw
24:54 Scale Barding Armor
26:07 Chain Barding Armor
27:41 Gold Shaft Mining
28:07 Hand Cart
28:47 Ballistics
28:54 Husbandry
28:17 Elite Skirmisher
33:35 Imperial Age
31:30 Forging
33:36 Padded Archer Armor
33:27 Fletching
34:27 Cavalier
35:19 Bodkin Arrow
35:39 Leather Archer Armor
35:56 Pikeman
36:34 Murder Holes
36:44 Scale Mail Armor
37:47 Halberdier
39:44 Chain Mail Armor
39:03 Capped Ram
39:50 Chivalry
44:12 Sanctity
44:55 Chemistry
44:06 Fortified Wall
44:47 Plate Mail Armor
44:53 Iron Casting
44:53 Plate Barding Armor
45:45 Paladin
45:49 Light Cavalry
53:25 Heavy Scorpion
STANLEY8392
0:47 Loom
10:50 Feudal Age
11:24 Double-Bit Axe
11:22 Horse Collar
12:48 Wheelbarrow
19:01 Castle Age
17:53 Gold Mining
18:24 Stone Mining
19:20 Forging
20:01 Bow Saw
21:23 Heavy Plow
30:01 Imperial Age
28:18 Gold Shaft Mining
28:37 Hand Cart
28:41 Padded Archer Armor
28:31 Fletching
29:53 Leather Archer Armor
33:07 Iron Casting
32:28 Bodkin Arrow
33:51 Scale Mail Armor
36:51 Two-Man Saw
37:50 Bracer
38:21 Ring Archer Armor
38:43 Chain Mail Armor
41:31 Plate Mail Armor
Connection lost

Rejoining the realm…

Still unreachable

The connection could not be restored.

Session expired

The server has moved on; the page needs a fresh start.